 Dungeon Crawl Stone Soup version 0.28.0-53-g5a82cb258f (webtiles) character file.

Game seed: 8080920785937922522

492 dranuc9 the Conjurer (level 6, -2/35 HPs)
             Began as a Deep Elf Conjurer on July 17, 2022.
             Slain by a black bear (9 damage)
             ... on level 4 of the Dungeon.
             The game lasted 00:26:29 (3497 turns).

dranuc9 the Conjurer (Deep Elf Conjurer)            Turns: 3497, Time: 00:26:31

Health: -2/35      AC:  3    Str:  4    XL:     6   Next: 91%
Magic:  10/16      EV: 12    Int: 25    God:
Gold:   108        SH:  0    Dex: 13    Spells: 13/16 levels left

rFire   . . .      SeeInvis .   (no weapon)
rCold   . . .      Faith    .   (no shield)
rNeg    . . .      Spirit   .   a - +0 robe
rPois   .          Reflect  .   s - +0 helmet
rElec   .          Harm     .   (no cloak)
rCorr   .          Rampage  .   (no gloves)
Will    .....                   (no boots)
Stlth   ++........              b - amulet of magic regeneration
HPRegen 0.11/turn               (no ring)
MPRegen 0.55/turn               (no ring)

@: no status effects
A: no striking features
a: no special abilities


You were on level 4 of the Dungeon.
You visited 1 branch of the dungeon, and saw 4 of its levels.

You collected 108 gold pieces.

Inventory:

Missiles
 k - 21 arrows
 t - 3 poisoned darts
Armour
 a - a +0 robe (worn)
 s - a +0 helmet (worn)
Magical Staves
 h - a staff of air
Jewellery
 b - an amulet of magic regeneration (around neck)
Scrolls
 j - a scroll of vulnerability {unknown}
 l - a scroll of identify
 m - a scroll of fear {unknown}
 o - a scroll of immolation {unknown}
 p - a scroll of enchant weapon {unknown}
 w - a scroll of teleportation {unknown}
Potions
 c - a potion of resistance {unknown}
 d - a potion of heal wounds {unknown}
 e - 2 potions of magic
 f - 3 potions of curing
 g - 3 potions of flight
 i - a potion of lignification
 n - a potion of berserk rage {unknown}
 q - a potion of cancellation {unknown}
 r - a potion of mutation
 u - a potion of might {unknown}
 v - a potion of invisibility {unknown}


   Skills:
 * Level 2.2 Fighting
 + Level 2.6 Dodging
 + Level 3.2 Stealth
 + Level 5.8 Spellcasting
 + Level 7.1 Conjurations


You had 13 spell levels left.
You knew the following spells:

 Your Spells              Type           Power      Damage    Failure   Level
a - Magic Dart            Conj           100%       1d8       1%          1
b - Searing Ray           Conj           84%        2d7       1%          2

Your spell library contained the following spells:

 Spells                   Type           Power      Damage    Failure   Level
 Conjure Flame            Conj/Fire      25%        6-21      5%          3
 Dazzling Flash           Conj/Hex       50%        N/A       5%          3
 Fulminant Prism          Conj/Hex       12%        3d9       17%         4
 Iskenderun's Mystic Bla  Conj/Tloc      25%        2d7       17%         4
 Sticky Flame             Conj/Fire      25%        2d5       17%         4
 Ignite Poison            Fire/Tmut/Pois 7%         N/A       22%         3


Dungeon Overview and Level Annotations

Branches:
Dungeon (4/15)
 Temple: D:4-7

Altars:
Trog

Shops:
D:2 [


Message History

The magic dart hits the black bear.
The black bear is moderately wounded.
The magic dart hits the black bear.
The black bear is moderately wounded.
The magic dart hits the black bear.
The black bear is heavily wounded.
Casting: Magic Dart (safe; 1% risk of failure)
Confirm with . or Enter, or press ? or * to list all spells.
Aiming: Searing Ray (safe; 1% risk of failure)
Press: ? - help, Shift-Dir - straight line, f/p - black bear
Aim: a black bear (heavily wounded, 87% to hit)
The searing ray hits the black bear.
The black bear is heavily wounded. (Press . to maintain the ray.)
The searing ray hits the black bear.
The black bear is severely wounded.
The black bear goes berserk!
The searing ray hits the black bear.
The black bear is almost dead.
The searing ray hits the black bear.
The black bear is almost dead.
You finish channelling your searing ray.
The black bear bites you!
The black bear claws you but does no damage.
The black bear barely misses you. The black bear bites you.
The black bear completely misses you. The black bear barely misses you.
The black bear bites you!
* * * LOW HITPOINT WARNING * * *
The black bear claws you.
* * * LOW HITPOINT WARNING * * *
The black bear misses you.
Casting: Searing Ray (safe; 1% risk of failure)
Confirm with . or Enter, or press ? or * to list all spells.
Aiming: Searing Ray (safe; 1% risk of failure)
Press: ? - help, Shift-Dir - straight line, f/p - black bear
Aim: a black bear (almost dead, berserk, 87% to hit)
The searing ray misses the black bear. (Press . to maintain the ray.)
The black bear bites you!
You die...

#.. ... ##.. #..# ###
############..# ###.#
##............####...##
#.............##......#
#..........h.........##
###
#..........@.........#
..#
#...............)....#
..#
#.................###
.## ##..............###
## ##..........†.## #
##..........## # #####
##........## ##...###
##.......#
##......###..>.#####


You could see a black bear (berserk).

Vanquished Creatures
  A sky beast (D:4)
  An ogre (D:4)
  A scorpion (D:2)
  2 orc wizards
  7 adders
  7 gnolls
  A dart slug (D:3)
  8 orcs
  6 endoplasms
  4 giant cockroaches
  3 goblins
  2 jackals (D:2)
  5 quokkas
  6 ball pythons
  2 bats (D:1)
  7 frilled lizards
  6 kobolds
  3 rats
72 creatures vanquished.

Notes
Turn   | Place    | Note
-------+----------+-------------------------------------------
     0 | D:1      | dranuc9 the Deep Elf Conjurer began the quest for the Orb.
     0 | D:1      | Reached XP level 1. HP: 10/10 MP: 6/6
   121 | D:1      | Found a faded altar of an unknown god.
   199 | D:1      | Reached XP level 2. HP: 15/15 MP: 6/8
   329 | D:1      | Reached skill level 5 in Conjurations
   826 | D:2      | Found Zuxkibla's Antique Armour Shoppe.
   828 | D:2      | Noticed a scorpion
   837 | D:2      | Killed a scorpion
   838 | D:2      | Reached XP level 3. HP: 18/19 MP: 3/10
   838 | D:2      | Reached XP level 4. HP: 23/24 MP: 3/11
   855 | D:2      | Learned a level 2 spell: Searing Ray
   952 | D:2      | Reached skill level 6 in Conjurations
  1066 | D:2      | Reached XP level 5. HP: 28/28 MP: 10/13
  2382 | D:3      | Reached skill level 1 in Fighting
  3048 | D:3      | Found a bloodstained altar of Trog.
  3139 | D:4      | Noticed an ogre
  3147 | D:4      | Killed an ogre
  3148 | D:4      | Reached skill level 5 in Spellcasting
  3148 | D:4      | Reached XP level 6. HP: 35/35 MP: 11/15
  3392 | D:4      | Noticed a sky beast
  3403 | D:4      | Killed a sky beast
  3404 | D:4      | Reached skill level 7 in Conjurations
  3497 | D:4      | Slain by a black bear

Illustrated notes

Levels and vault maps discovered:
D:1:      ncdulo_lavacross, layout_basic, shapermc_ecumenical_altar_pompeii
D:2:      layout_basic, serial_shops, shop
D:3:      layout_basic, general_overflow_altar
D:4:      layout_cave_pods, mainiacjoe_overflow_alcove_4,
          minmay_temple_entry_junction

Skill      XL: |  1  2  3  4  5  6 |
---------------+-------------------+-----
Conjurations   | 5 6 7 |  7.1
Spellcasting   | 4 5 |  5.8
Fighting       | 1 2 |  2.2
Stealth        | 3 |  3.2
Dodging        | |  2.6

Action                   |  1- 3 |  4- 6 || total
-------------------------+-------+-------++-------
 Cast: Magic Dart        |    37 |   100 ||   137
       Searing Ray       |       |    13 ||    13
  Use: Scroll            |       |     6 ||     6
Armor: Robe              |       |     1 ||     1
Dodge: Dodged            |     3 |     8 ||    11
